[Event "Titled Tuesday Blitz March 28 Early 2023"]
[White "Vlassov, Nikolai"]
[Black "Nakamura, Hikaru"]
[WhiteFideId "4103360"]
[BlackFideId "2016192"]
[WhiteElo "2324"]
[BlackElo "2879"]
[Result "0-1"]
[Round "04"]
[TimeControl "180+2"]
[Date "2023.03.28"]
[WhiteClock "0:00:17"]
[BlackClock "0:00:10"]

1. e4 g6 2. Nc3 Bg7 3. h4 c5 4. h5 Nc6 5. Bc4 e6 6. d3 a6 7. a4 Nge7 8. h6 Bf6 9. g4 d5 10. Ba2 O-O 11. g5 Bh8 12. f4 Bxc3+ 13. bxc3 b5 14. Be3 c4 15. Ne2 Bb7 16. O-O Qc7 17. Ng3 Rad8 18. Qb1 Ra8 19. axb5 axb5 20. Qxb5 Rfb8 21. Rfb1 Bc8 22. Qc5 Ra5 23. Rxb8 Rxc5 24. Rxc8+ Nxc8 25. Bxc5 Qxf4 26. Bf2 Ne5 27. exd5 Ng4 28. Ne4 Qh2+ 29. Kf1 exd5 30. Nf6+ Nxf6 31. gxf6 Qh1+ 32. Bg1 Qf3+ 33. Bf2 Qh3+ 34. Kg1 Qg4+ 35. Kf1 Nd6 36. dxc4 dxc4 37. Rd1 Qxd1+ 0-1


[Site "https://www.chess.com"]

[Event "Titled Tuesday Blitz March 28 Early 2023"]
[White "Naroditsky, Daniel"]
[Black "Malek, Jan"]
[WhiteFideId "2026961"]
[BlackFideId "21864080"]
[WhiteElo "2633"]
[BlackElo "2255"]
[Result "1-0"]
[Round "04"]
[TimeControl "180+2"]
[Date "2023.03.28"]
[WhiteClock "0:00:46"]
[BlackClock "0:00:03"]

1. d4 g6 2. e4 Bg7 3. Nc3 d5 4. exd5 Nf6 5. Bc4 O-O 6. Nge2 Nbd7 7. Nf4 Nb6 8. Bb3 Bg4 9. f3 Bc8 10. O-O a5 11. a4 c6 12. dxc6 bxc6 13. Re1 Ba6 14. Be3 Rb8 15. Nd3 Bc4 16. Nc5 Bxb3 17. cxb3 Nbd5 18. Bf2 Rb4 19. N3e4 Ne8 20. Rc1 Nd6 21. Nd3 Rb6 22. Ne5 Qc7 23. Nc5 Rd8 24. Qd2 Nb7 25. Nxb7 Qxb7 26. Qxa5 Ra8 27. Qc5 Bxe5 28. dxe5 Rxb3 29. e6 fxe6 30. Rxe6 Rxb2 31. Rxc6 Nf6 32. Rc7 Qd5 33. Qxe7 1-0


[Site "https://www.chess.com"]

[Event "Titled Tuesday Blitz March 28 Early 2023"]
[White "Erigaisi Arjun"]
[Black "wqws"]
[WhiteFideId "35009192"]
[WhiteElo "2737"]
[BlackElo "2660"]
[Result "0-1"]
[Round "04"]
[TimeControl "180+2"]
[Date "2023.03.28"]
[WhiteClock "0:00:16"]
[BlackClock "0:00:06"]

1. b3 Nf6 2. Bb2 e6 3. g3 d5 4. Bg2 Be7 5. Nf3 c5 6. O-O O-O 7. c4 d4 8. b4 Nc6 9. b5 Nb8 10. e3 dxe3 11. fxe3 a6 12. a4 Nbd7 13. Nc3 b6 14. Ng5 Rb8 15. Qc2 h6 16. Nge4 a5 17. d4 Bb7 18. Rad1 cxd4 19. exd4 Qc7 20. Nxf6+ Nxf6 21. Bxb7 Rxb7 22. Qe2 Rc8 23. c5 bxc5 24. d5 exd5 25. Rxf6 d4 26. Nd5 Qd8 27. Rc6 Rcb8 28. Nxe7+ Rxe7 29. Qf2 Qd5 30. Ba3 Qb3 31. Ra1 Rbe8 32. Bxc5 Re2 33. Qf4 Qd5 34. Qf1 Qe4 35. Rd6 Qe3+ 36. Kh1 Rf2 37. Bxd4 Qe4+ 38. Kg1 Rxf1+ 39. Rxf1 Qc2 40. b6 Qxa4 41. Bf2 Qb5 42. Rdd1 a4 43. Rb1 Qa6 44. b7 Rb8 45. Rb6 Qc4 46. Ra1 Qe4 47. Rab1 a3 48. R1b4 Qf3 49. Rb3 Qd1+ 50. Kg2 a2 51. Rc3 a1=Q 52. Rc8+ Kh7 53. Rxb8 Qd5+ 54. Kh3 Qf1+ 55. Kg4 Qg5+ 56. Kf3 Qf5+ 57. Ke3 Q1xf2# 0-1


[Site "https://www.chess.com"]

[Event "Titled Tuesday Blitz March 28 Early 2023"]
[White "Rostomyan, Mikayel"]
[Black "Firouzja, Alireza"]
[WhiteFideId "13313754"]
[BlackFideId "12573981"]
[WhiteElo "2009"]
[BlackElo "2904"]
[Result "0-1"]
[Round "04"]
[TimeControl "180+2"]
[Date "2023.03.28"]
[WhiteClock "0:00:05"]
[BlackClock "0:01:58"]

1. d4 Nf6 2. Nf3 g6 3. c4 Bg7 4. g3 O-O 5. Bg2 d6 6. O-O Nbd7 7. Nc3 e5 8. dxe5 dxe5 9. Qc2 Re8 10. Rd1 h6 11. b3 e4 12. Nd4 Qe7 13. Bb2 e3 14. f4 c6 15. Nf3 Ng4 16. a4 Nc5 17. Nh4 Nf2 18. Rf1 Rd8 19. b4 Rd2 20. Qb1 Nb3 21. Ra3 Nd4 22. Nf3 Nxe2+ 23. Nxe2 Rxb2 24. Qe1 Bf5 25. Ned4 Bd3 26. Ne5 Bxf1 27. Bxf1 Bxe5 28. Rxe3 Bxd4 29. Rxe7 Ng4+ 0-1


[Site "https://www.chess.com"]

[Event "Titled Tuesday Blitz March 28 Early 2023"]
[White "Hardaway, Brewington"]
[Black "Svane, Rasmus"]
[WhiteFideId "30941849"]
[BlackFideId "4657101"]
[WhiteElo "2159"]
[BlackElo "2597"]
[Result "0-1"]
[Round "04"]
[TimeControl "180+2"]
[Date "2023.03.28"]
[WhiteClock "0:00:04"]
[BlackClock "0:00:38"]

1. e4 c6 2. c4 d5 3. cxd5 cxd5 4. exd5 Nf6 5. Nc3 Nxd5 6. d4 g6 7. Nf3 Bg7 8. Bc4 Nb6 9. Bb3 O-O 10. O-O Nc6 11. d5 Na5 12. Be3 Nbc4 13. Bd4 Bxd4 14. Qxd4 Qb6 15. Rfe1 Qxd4 16. Nxd4 Bd7 17. Rxe7 Rad8 18. Ne4 Bc8 19. Rc1 Nb6 20. Rc5 Nxb3 21. axb3 Kg7 22. d6 Rfe8 23. Rcc7 Rxe7 24. Rxe7 Nd5 25. Re5 Nf6 26. Nc3 Rxd6 27. Ndb5 Rd2 28. Nxa7 Bd7 29. h3 Rxb2 30. Nab5 Rxb3 31. g4 Bc6 32. g5 Nd7 33. Re7 Bxb5 34. Nxb5 Rxb5 35. Rxd7 Rxg5+ 36. Kf1 b5 37. Rb7 Rf5 38. Ke2 Kh6 39. Ke3 Kh5 40. Rb8 Kh4 41. f4 Kxh3 42. Rh8 h5 0-1


[Site "https://www.chess.com"]

[Event "Titled Tuesday Blitz March 28 Early 2023"]
[White "Ismagilov, Damir"]
[Black "Vidit, Santosh Gujrathi"]
[WhiteFideId "34199982"]
[BlackFideId "5029465"]
[WhiteElo "2078"]
[BlackElo "2651"]
[Result "0-1"]
[Round "04"]
[TimeControl "180+2"]
[Date "2023.03.28"]
[WhiteClock "0:00:52"]
[BlackClock "0:01:08"]

1. d4 g6 2. Bf4 Bg7 3. e3 d6 4. Nf3 Nf6 5. c4 Nh5 6. Bg5 h6 7. Bh4 g5 8. Bg3 c5 9. Nc3 cxd4 10. exd4 Nxg3 11. hxg3 g4 12. Nh4 Nc6 13. d5 Ne5 14. Bd3 Qb6 15. O-O O-O 16. Bf5 Qxb2 17. Nb5 Nxc4 18. Qxg4 Qxb5 19. Bxc8 Ne5 20. Rab1 Nxg4 21. Rxb5 Rfxc8 22. Nf5 Rc7 23. Re1 Kf8 24. Re4 Rc1+ 0-1


[Site "https://www.chess.com"]

[Event "Titled Tuesday Blitz March 28 Early 2023"]
[White "Wei, Yi"]
[Black "Aaditya Dhingra"]
[WhiteFideId "8603405"]
[BlackFideId "25678191"]
[WhiteElo "2686"]
[BlackElo "2083"]
[Result "1-0"]
[Round "04"]
[TimeControl "180+2"]
[Date "2023.03.28"]
[WhiteClock "0:01:55"]
[BlackClock "0:00:38"]

1. b3 e5 2. Bb2 Nc6 3. e3 Nf6 4. Nf3 e4 5. Ne5 Qe7 6. d4 d6 7. Nxc6 bxc6 8. c4 h5 9. h3 h4 10. Nc3 Bf5 11. Qd2 Qd7 12. O-O-O Be7 13. Rg1 d5 14. c5 Nh7 15. Ba6 Rb8 16. Na4 Be6 17. Bc3 f5 18. Ba5 g5 19. b4 g4 20. Nc3 Ng5 21. Rh1 gxh3 22. gxh3 f4 23. exf4 Nf3 24. Qe3 Bxh3 25. Nxe4 dxe4 26. Qxe4 Bg2 27. Qg6+ Kd8 28. Qxg2 Qd5 29. Rh3 Qxa2 30. Qxf3 Qa1+ 31. Kd2 Qb2+ 32. Ke1 Rg8 33. Kf1 Qc2 34. Bd3 Qb3 35. Be2 Qa2 36. Qxc6 1-0


[Site "https://www.chess.com"]

[Event "Titled Tuesday Blitz March 28 Early 2023"]
[White "The_Sherman_Variation"]
[Black "Sarana, Alexey"]
[BlackFideId "24133795"]
[WhiteElo "2632"]
[BlackElo "2714"]
[Result "0-1"]
[Round "04"]
[TimeControl "180+2"]
[Date "2023.03.28"]
[WhiteClock "0:00:36"]
[BlackClock "0:01:48"]

1. b3 c5 2. Bb2 Nf6 3. e3 d5 4. c4 d4 5. Nf3 Nc6 6. Na3 e5 7. exd4 exd4 8. d3 Bd6 9. Be2 O-O 10. Nc2 Re8 11. O-O a5 12. a3 Qb6 13. b4 axb4 14. axb4 Rxa1 15. Qxa1 Rxe2 16. bxc5 Bxc5 17. Rc1 Bg4 18. Nfxd4 Nxd4 19. Bxd4 h6 20. h3 Bf5 21. Bxc5 Qxc5 22. Nd4 Re8 23. Rd1 Rd8 24. Nxf5 Qxf5 25. Qb1 Rd7 26. g3 Qf3 27. Rd2 h5 28. c5 h4 29. gxh4 Qxh3 30. Qb4 Ng4 31. Qf4 Re7 32. Rd1 Re2 33. Rf1 Qxh4 34. d4 Re4 35. Qb8+ Kh7 36. d5 Re5 0-1


[Site "https://www.chess.com"]

[Event "Titled Tuesday Blitz March 28 Early 2023"]
[White "Sadhwani, Raunak"]
[Black "Goudriaan, Etienne"]
[WhiteFideId "35093487"]
[BlackFideId "1021150"]
[WhiteElo "2631"]
[BlackElo "2318"]
[Result "1-0"]
[Round "04"]
[TimeControl "180+2"]
[Date "2023.03.28"]
[WhiteClock "0:00:37"]
[BlackClock "0:00:17"]

1. Nf3 d5 2. b3 c5 3. e3 Nc6 4. Bb2 a6 5. c4 d4 6. exd4 cxd4 7. g3 e5 8. d3 Bg4 9. Bg2 Bb4+ 10. Nbd2 Bc3 11. Rb1 Qa5 12. O-O Qxa2 13. h3 Bxf3 14. Nxf3 Bxb2 15. Qe2 Qa5 16. b4 Qxb4 17. Rxb2 Qe7 18. Rxb7 Qxb7 19. Nxe5 O-O-O 20. Qg4+ Kc7 21. Nxc6 Nf6 22. Qxg7 1-0


[Site "https://www.chess.com"]

[Event "Titled Tuesday Blitz March 28 Early 2023"]
[White "Sochacki, Christophe"]
[Black "Nguyen, Ngoc Truong Son"]
[WhiteFideId "662569"]
[BlackFideId "12401110"]
[WhiteElo "2474"]
[BlackElo "2571"]
[Result "1-0"]
[Round "04"]
[TimeControl "180+2"]
[Date "2023.03.28"]
[WhiteClock "0:00:03"]
[BlackClock "0:00:06"]

1. b3 d5 2. Nf3 c5 3. e3 Nc6 4. Bb2 Nf6 5. Bb5 Bd7 6. O-O e6 7. c4 a6 8. Bxc6 Bxc6 9. Ne5 Qc7 10. f4 Be7 11. d3 Nd7 12. Nxc6 Qxc6 13. cxd5 exd5 14. Bxg7 Rg8 15. Bb2 Qg6 16. Qe2 f5 17. Nc3 Nf6 18. Qf3 O-O-O 19. Na4 Ng4 20. h3 Nxe3 21. Rf2 Qg3 22. Be5 b5 23. Nxc5 Bxc5 24. Qxg3 Rxg3 25. Rc1 Nc4 26. d4 Ba3 27. Rcc2 Kb7 28. bxc4 dxc4 29. Kh2 Rdg8 30. d5 Rd3 31. Rfd2 Rd8 32. Rxd3 cxd3 33. Rd2 Rxd5 34. g4 fxg4 35. hxg4 Bc1 36. Rd1 d2 37. Kg3 Rd3+ 38. Kf2 Kc6 39. f5 Kd5 40. Ba1 Ke4 41. f6 Rf3+ 42. Ke2 Rh3 43. g5 Rh2+ 44. Kf1 Kf3 45. Kg1 Rg2+ 46. Kh1 Re2 47. f7 Re1+ 48. Kh2 Ke2 49. f8=Q Kxd1 50. Qf3+ Kc2 51. Qb3# 1-0


[Site "https://www.chess.com"]

[Event "Titled Tuesday Blitz March 28 Early 2023"]
[White "Vaibhav Jayant Raut"]
[Black "Anton Guijarro, David"]
[WhiteFideId "5089034"]
[BlackFideId "2285525"]
[WhiteElo "2156"]
[BlackElo "2618"]
[Result "0-1"]
[Round "04"]
[TimeControl "180+2"]
[Date "2023.03.28"]
[WhiteClock "0:00:01"]
[BlackClock "0:00:20"]

1. d4 Nf6 2. Nf3 b6 3. Bf4 Bb7 4. e3 h6 5. h3 e6 6. Nbd2 Bd6 7. Bxd6 cxd6 8. c3 O-O 9. Bd3 d5 10. O-O Ne4 11. Qc2 f5 12. Ne5 d6 13. Ng6 Rf6 14. Nf4 e5 15. dxe5 dxe5 16. Ne2 Rg6 17. Rad1 Qg5 18. g3 Qh5 19. Kh2 Kh7 20. f3 Nd7 21. fxe4 fxe4 22. Nxe4 dxe4 23. Bc4 Nf6 24. Kg2 Bc8 25. Ng1 Bg4 26. Rxf6 gxf6 27. hxg4 Qxg4 28. Qf2 Qxd1 29. Qf5 Qg4 30. Qxg4 Rxg4 31. Be6 Rg5 0-1


[Site "https://www.chess.com"]

[Event "Titled Tuesday Blitz March 28 Early 2023"]
[White "Daneshvar, Bardiya"]
[Black "Godzwon, Iwo"]
[WhiteFideId "12576468"]
[BlackFideId "21802483"]
[WhiteElo "2468"]
[BlackElo "2284"]
[Result "1-0"]
[Round "04"]
[TimeControl "180+2"]
[Date "2023.03.28"]
[WhiteClock "0:00:48"]
[BlackClock "0:00:20"]

1. b3 b6 2. e4 Bb7 3. Nc3 e5 4. Nf3 Nc6 5. Bb2 Nf6 6. Bc4 Be7 7. O-O O-O 8. Re1 Re8 9. Nd5 Bf8 10. Nxf6+ Qxf6 11. Bd5 d6 12. d4 Na5 13. Bxb7 Nxb7 14. d5 a5 15. c4 Nc5 16. Qe2 Qg6 17. Nh4 Qg5 18. g3 g6 19. Bc1 Qe7 20. Qc2 Bg7 21. Be3 Nd7 22. a3 Ra6 23. f3 Bf6 24. Ng2 Bg5 25. Bf2 h5 26. Qd3 Nc5 27. Bxc5 bxc5 28. Reb1 Rb8 29. h4 Bh6 30. Rb2 Rab6 31. Rab1 Qd7 32. Qc3 Ra8 33. Kh2 Qc8 34. b4 axb4 35. axb4 cxb4 36. Rxb4 Rxb4 37. Qxb4 Ra7 38. c5 dxc5 39. Qxc5 Qa6 40. Rb8+ Kh7 41. Qe7 c6 42. Qe8 Bg7 43. g4 hxg4 44. fxg4 cxd5 45. g5 1-0


[Site "https://www.chess.com"]

[Event "Titled Tuesday Blitz March 28 Early 2023"]
[White "Kim, Sergey"]
[Black "Kramnik, Vladimir"]
[WhiteFideId "13700570"]
[BlackFideId "4101588"]
[WhiteElo "2621"]
[BlackElo "2712"]
[Result "0-1"]
[Round "04"]
[TimeControl "180+2"]
[Date "2023.03.28"]
[WhiteClock "0:00:01"]
[BlackClock "0:00:07"]

1. d4 Nf6 2. c4 e6 3. Nc3 Bb4 4. Qc2 d6 5. a3 Bxc3+ 6. Qxc3 b6 7. Nf3 Bb7 8. g3 c5 9. dxc5 bxc5 10. Bg2 O-O 11. O-O a5 12. b3 h6 13. Rd1 Qe7 14. Bb2 Rd8 15. b4 axb4 16. axb4 cxb4 17. Qxb4 Rxa1 18. Bxa1 Be4 19. Bxf6 gxf6 20. Nd4 Bxg2 21. Kxg2 Kg7 22. h4 Qc7 23. Qb5 Rc8 24. Nf3 Nc6 25. Qh5 Ne5 26. Nxe5 dxe5 27. Qg4+ Kh7 28. Qf3 f5 29. e4 f4 30. Rc1 Qe7 31. Qh5 Rc5 32. Qf3 Qf6 33. Qa3 Qe7 34. Qf3 Qc7 35. Qc3 Qc6 36. Qd3 Qc7 37. Qc3 Kg8 38. Qd3 Rc6 39. Qe2 Kh7 40. Qd3 Rd6 41. Qf3 Rc6 42. Qd3 Kg8 43. Qe2 Kg7 44. Qd3 Qa5 45. Qf3 Qd2 46. Rd1 Qa5 47. Qg4+ Kf8 48. Qh5 fxg3 49. Qxh6+ Ke7 50. fxg3 Rd6 51. Qg5+ Kd7 52. Rxd6+ Kxd6 53. Qf6 Qa4 54. Qf1 Qa3 0-1


[Site "https://www.chess.com"]

[Event "Titled Tuesday Blitz March 28 Early 2023"]
[White "Gontcharov, Vladislav"]
[Black "Makhnev, Denis"]
[WhiteFideId "4123492"]
[BlackFideId "13707647"]
[WhiteElo "2470"]
[BlackElo "2525"]
[Result "0-1"]
[Round "04"]
[TimeControl "180+2"]
[Date "2023.03.28"]
[WhiteClock "0:00:02"]
[BlackClock "0:00:07"]

1. d4 Nf6 2. c4 e6 3. Nc3 Bb4 4. e3 O-O 5. Bd3 b6 6. Ne2 Bb7 7. O-O d5 8. cxd5 exd5 9. Ng3 Re8 10. Qc2 Bf8 11. a3 c5 12. dxc5 bxc5 13. b3 Nbd7 14. Bb2 Rc8 15. Rfd1 a6 16. Bf5 g6 17. Bh3 Bg7 18. Rd2 Qc7 19. Rad1 Rcd8 20. Na4 h5 21. b4 c4 22. Ne2 Ne5 23. Bxe5 Rxe5 24. Nc5 Bc8 25. Bxc8 Qxc8 26. e4 Bh6 27. f4 Ree8 28. exd5 Ng4 29. Qxc4 Ne3 30. Qc1 Nxd1 31. Qxd1 a5 32. d6 axb4 33. axb4 Qb8 34. d7 Re7 35. Rd4 Bg7 36. Rc4 Qb5 37. Qc2 h4 38. h3 Qb6 39. Kh2 Qc6 40. Qd3 Bh6 41. Nc3 Re1 42. Nd5 Qa8 43. Re4 Qa1 44. Rxe1 Qxe1 45. b5 Qc1 46. Qd4 Bg7 47. Ne7+ Kh8 0-1


[Site "https://www.chess.com"]

[Event "Titled Tuesday Blitz March 28 Early 2023"]
[White "Sielecki, Christof"]
[Black "Sjugirov, Sanan"]
[WhiteFideId "4620437"]
[BlackFideId "4189302"]
[WhiteElo "2443"]
[BlackElo "2569"]
[Result "0-1"]
[Round "04"]
[TimeControl "180+2"]
[Date "2023.03.28"]
[WhiteClock "0:00:47"]
[BlackClock "0:02:32"]

1. e4 e5 2. Nf3 d6 3. d4 exd4 4. Nxd4 Nf6 5. Nc3 Be7 6. g3 O-O 7. Bg2 Re8 8. O-O Nbd7 9. h3 Bf8 10. Re1 Nc5 11. a4 c6 12. g4 a5 13. g5 Nfd7 14. Nf5 Ne5 15. f4 Ng6 16. Be3 d5 17. Ng3 d4 18. Qxd4 Qxd4 19. Bxd4 Nxf4 20. h4 Bg4 21. Be3 Ng6 22. h5 Ne5 23. b3 Ne6 24. Kf2 Bb4 0-1


[Site "https://www.chess.com"]

[Event "Titled Tuesday Blitz March 28 Early 2023"]
[White "Dominguez Perez, Leinier"]
[Black "Khumalo, Keith"]
[WhiteFideId "3503240"]
[BlackFideId "14319470"]
[WhiteElo "2647"]
[BlackElo "2056"]
[Result "1-0"]
[Round "04"]
[TimeControl "180+2"]
[Date "2023.03.28"]
[WhiteClock "0:02:07"]
[BlackClock "0:01:16"]

1. e4 c5 2. Nf3 d6 3. d4 cxd4 4. Nxd4 Nf6 5. Nc3 g6 6. Be3 Bg7 7. f3 O-O 8. Qd2 Nc6 9. O-O-O d5 10. exd5 Nxd5 11. Nxc6 bxc6 12. Bd4 e5 13. Bc5 Be6 14. Ne4 Re8 15. h4 Qc7 16. h5 Red8 17. hxg6 hxg6 18. Qg5 f5 19. Qxg6 fxe4 20. Qxe6+ Qf7 21. Qxf7+ Kxf7 22. fxe4 Nf4 23. Bc4+ Kg6 24. Rxd8 Rxd8 25. Bxa7 Bh6 26. Kb1 Nxg2 27. Rg1 Kh7 28. a4 Ne3 29. Bb3 Bf4 30. a5 1-0


[Site "https://www.chess.com"]

[Event "Titled Tuesday Blitz March 28 Early 2023"]
[White "Drygalov, Andrey"]
[Black "Richter, Nils"]
[WhiteFideId "24171735"]
[BlackFideId "12990809"]
[WhiteElo "2471"]
[BlackElo "2381"]
[Result "1-0"]
[Round "04"]
[TimeControl "180+2"]
[Date "2023.03.28"]
[WhiteClock "0:00:20"]
[BlackClock "0:00:05"]

1. e4 c5 2. Nf3 Nf6 3. e5 Nd5 4. Nc3 Nxc3 5. dxc3 Nc6 6. Bf4 e6 7. Qd2 Be7 8. O-O-O O-O 9. h4 a6 10. Bd3 b5 11. Bxh7+ Kxh7 12. Ng5+ Kg8 13. Qd3 g6 14. Qg3 Kg7 15. h5 Rh8 16. Nxf7 Kxf7 17. Qxg6+ Kf8 18. Bh6+ Rxh6 19. Qxh6+ Kg8 20. f4 Bf8 21. Qg6+ Kh8 22. Rh3 Qe7 23. Rg3 Qg7 24. Qd3 Qh6 25. Qe4 Rb8 26. Kb1 Ne7 27. Rg5 Bb7 28. Qe2 Bd5 29. Qg4 c4 30. Rh1 Nf5 31. Rh3 Bg7 32. Rg6 Qh7 33. Qe2 Bh6 34. g4 Ne7 35. g5 Nxg6 36. hxg6 Qg7 37. Qh2 Kg8 38. Rxh6 Be4 39. Rh7 Qxg6 40. Rh8+ Kf7 41. Rxb8 Qh7 42. Qxh7+ Bxh7 43. Kc1 Kg6 44. Rb7 Kf5 45. Rxd7 Bg6 46. Rd4 Bh5 47. a4 Bf3 48. axb5 axb5 49. b3 Bd5 50. Kb2 Kg6 51. Ka3 1-0


[Site "https://www.chess.com"]

[Event "Titled Tuesday Blitz March 28 Early 2023"]
[White "Domingo Nunez, Alejandro"]
[Black "Gukesh D"]
[WhiteFideId "22245561"]
[BlackFideId "46616543"]
[WhiteElo "2230"]
[BlackElo "2612"]
[Result "1-0"]
[Round "04"]
[TimeControl "180+2"]
[Date "2023.03.28"]
[WhiteClock "0:01:06"]
[BlackClock "0:00:51"]

1. e4 c5 2. d4 cxd4 3. c3 Nf6 4. e5 Nd5 5. Nf3 e6 6. cxd4 d6 7. a3 Nc6 8. Bd3 Be7 9. O-O O-O 10. b4 a6 11. Re1 b5 12. Bb2 Bb7 13. Nbd2 dxe5 14. dxe5 Ndxb4 15. Bb1 Nd3 16. Qc2 Qb6 17. Qxd3 g6 18. Ne4 Rfd8 19. Qe2 Na5 20. Nf6+ Bxf6 21. exf6 Rac8 22. Be4 Nc4 23. Bxb7 Qxb7 24. Rad1 a5 25. Ne5 Nd6 26. Rxd6 Rxd6 27. Qe3 Kh8 28. Nxg6+ 1-0


[Site "https://www.chess.com"]

[Event "Titled Tuesday Blitz March 28 Early 2023"]
[White "Olenik Campa, Rudi"]
[Black "Drozdowski, Kacper"]
[WhiteFideId "14633264"]
[BlackFideId "1136720"]
[WhiteElo "2249"]
[BlackElo "2497"]
[Result "0-1"]
[Round "04"]
[TimeControl "180+2"]
[Date "2023.03.28"]
[WhiteClock "0:01:18"]
[BlackClock "0:01:33"]

1. e4 c5 2. Nf3 e6 3. c4 Nc6 4. Be2 Nf6 5. Nc3 d5 6. exd5 exd5 7. d4 Be6 8. cxd5 Nxd5 9. Nxd5 Qxd5 10. dxc5 Bxc5 11. Qxd5 Bxd5 12. O-O O-O-O 13. Bf4 Rhe8 14. Bb5 Re4 15. Bg5 f6 16. Rac1 Bb6 17. Bd2 Rg4 18. Kh1 Bxa2 19. Bxc6 bxc6 20. Rxc6+ Kb7 21. Rc3 Bd5 22. Be3 Rb4 23. Bxb6 Kxb6 24. b3 Rxb3 25. Rxb3+ Bxb3 26. Rb1 Rd1+ 0-1


[Site "https://www.chess.com"]

[Event "Titled Tuesday Blitz March 28 Early 2023"]
[White "Jia, Haoxiang"]
[Black "Durarbayli, Vasif"]
[WhiteFideId "8602999"]
[BlackFideId "13402935"]
[WhiteElo "2594"]
[BlackElo "2543"]
[Result "0-1"]
[Round "04"]
[TimeControl "180+2"]
[Date "2023.03.28"]
[WhiteClock "0:00:04"]
[BlackClock "0:00:18"]

1. Nf3 c5 2. e4 d6 3. Bb5+ Nd7 4. O-O a6 5. Bd3 Ngf6 6. c3 e6 7. Bc2 c4 8. b4 Ne5 9. Nxe5 dxe5 10. d3 cxd3 11. Bxd3 Be7 12. Qe2 O-O 13. Be3 Qc7 14. a4 b6 15. a5 b5 16. Nd2 Qxc3 17. Rab1 Rd8 18. Rb3 Qc6 19. Bb6 Bb7 20. Bxd8 Rxd8 21. Nb1 Rd4 22. Rc3 Qd7 23. Rfc1 Ne8 24. f3 Bxb4 25. Rb3 Bxa5 26. Qc2 Nd6 27. Kh1 h5 28. Bf1 h4 29. h3 f5 30. Nc3 Bxc3 31. Rxc3 fxe4 32. Rc7 Qd8 33. Qf2 exf3 34. gxf3 Qf6 35. Bg2 Bd5 36. Qe3 Nf5 37. Rc8+ Kh7 38. Qf2 Qg5 39. Re1 Rd2 40. Re2 Rxe2 0-1


[Site "https://www.chess.com"]

[Event "Titled Tuesday Blitz March 28 Early 2023"]
[White "Tica, Sven"]
[Black "Svane, Frederik"]
[WhiteFideId "14526948"]
[BlackFideId "12923044"]
[WhiteElo "2348"]
[BlackElo "2502"]
[Result "1/2-1/2"]
[Round "04"]
[TimeControl "180+2"]
[Date "2023.03.28"]
[WhiteClock "0:00:46"]
[BlackClock "0:00:53"]

1. e4 e5 2. f4 d5 3. exd5 e4 4. d3 Qxd5 5. Nc3 Bb4 6. Bd2 Bxc3 7. Bxc3 Nf6 8. dxe4 Qxe4+ 9. Qe2 O-O 10. Bxf6 Qxe2+ 11. Bxe2 gxf6 12. O-O-O Re8 13. Bf3 c6 14. Ne2 Na6 15. Ng3 Nc5 16. Nh5 Kh8 17. Nxf6 Rf8 18. g4 Ne6 19. f5 Ng5 20. Bg2 h6 21. h4 Nh7 22. Nh5 Rg8 23. Bf3 Re8 24. Rd6 Kg8 25. Rhd1 a5 26. Rd8 Kf8 27. Rxe8+ Kxe8 28. Rd6 Bd7 29. Rxh6 Nf8 30. Nf6+ Ke7 31. g5 Bxf5 32. Rh8 Rd8 33. h5 Rd4 34. b3 Rh4 35. Ng8+ Ke8 36. Nf6+ Ke7 37. Ng8+ Ke8 38. Nf6+ Ke7 1/2-1/2


[Site "https://www.chess.com"]

[Event "Titled Tuesday Blitz March 28 Early 2023"]
[White "Mitrabha, Guha"]
[Black "Alex_Sahakyan2006"]
[WhiteFideId "5057000"]
[WhiteElo "2507"]
[BlackElo "2592"]
[Result "1-0"]
[Round "04"]
[TimeControl "180+2"]
[Date "2023.03.28"]
[WhiteClock "0:00:24"]
[BlackClock "0:00:03"]

1. Nf3 g6 2. d4 Bg7 3. g3 d6 4. Bg2 Nd7 5. O-O e5 6. c3 Ne7 7. e4 O-O 8. Re1 b6 9. a4 a5 10. Na3 Ba6 11. Nb5 h6 12. dxe5 dxe5 13. Qc2 c6 14. Nd6 Qc7 15. Rd1 Rad8 16. b3 Nc5 17. Nc4 Rxd1+ 18. Qxd1 Bxc4 19. bxc4 Nxe4 20. Qc2 Nc5 21. Ba3 e4 22. Nd4 Rd8 23. Bxe4 Nxe4 24. Qxe4 c5 25. Nb5 Qe5 26. Qxe5 Bxe5 27. Re1 Bf6 28. Bc1 g5 29. f4 Kg7 30. Kg2 g4 31. Be3 Nf5 32. Kf2 h5 33. Re2 Rd1 34. Rd2 Ra1 35. Rd7 Ra2+ 36. Bd2 Rxa4 37. Ke2 Rxc4 38. Rb7 Re4+ 39. Kd3 Re6 40. c4 Nd4 41. Nc7 Re7 42. Bc3 Rd7 43. Ke4 Kg6 44. f5+ Kg7 45. Ne8+ Kf8 46. Rxd7 Kxe8 47. Rb7 a4 48. Rxb6 a3 49. Rxf6 1-0


[Site "https://www.chess.com"]

[Event "Titled Tuesday Blitz March 28 Early 2023"]
[White "Bodnaruk, Anastasia"]
[Black "Ibarra Jerez, Jose Carlos"]
[WhiteFideId "4181751"]
[BlackFideId "2226332"]
[WhiteElo "2310"]
[BlackElo "2638"]
[Result "0-1"]
[Round "04"]
[TimeControl "180+2"]
[Date "2023.03.28"]
[WhiteClock "0:00:01"]
[BlackClock "0:00:06"]

1. e4 c5 2. Nc3 a6 3. Nf3 e6 4. g3 b5 5. d4 cxd4 6. Nxd4 Bb7 7. Bg2 Ne7 8. O-O Nec6 9. Re1 Nxd4 10. Qxd4 Nc6 11. Qd1 Ne5 12. f4 Nc4 13. b3 Bb4 14. Qd3 Qa5 15. Rd1 d5 16. Nxd5 exd5 17. bxc4 bxc4 18. Qe2 dxe4 19. Bxe4 O-O 20. Bxb7 Qb6+ 21. Be3 Qxb7 22. Rab1 Qe7 23. Qf3 h6 24. f5 Rfe8 25. Bf2 Bc5 26. f6 Bxf2+ 27. Qxf2 Qxf6 28. Qxf6 gxf6 29. Rd4 Rac8 30. Kf2 Re5 31. Rb6 Rf5+ 32. Kg2 Ra5 33. Rxf6 Rxa2 34. Rf2 c3 35. Rg4+ Kf8 36. Rgf4 Rc7 37. Rh4 Rc6 38. Rhf4 Rc7 39. Rh4 Kg7 40. Rg4+ Kh7 41. Rgf4 a5 42. Kh3 Kg7 43. Rg4+ Kf8 44. Rh4 Rc6 45. Rhf4 f6 46. Rxf6+ Rxf6 47. Rxf6+ Kg7 48. Ra6 a4 49. Ra7+ Kf6 50. Ra6+ Ke5 51. Kg4 Rxc2 52. Rxa4 Rxh2 53. Ra5+ Kd4 54. Ra4+ Kd3 55. Ra3 Kd2 56. Ra6 c2 57. Rd6+ Kc1 58. Rc6 Kd1 59. Rd6+ Rd2 60. Rxh6 c1=Q 61. Rh1+ Kc2 62. Rxc1+ Kxc1 63. Kf5 Rf2+ 64. Ke5 Rg2 65. Kf4 Kd2 66. g4 Kd3 67. g5 Kd4 68. Kf5 Kd5 69. Kf6 Kd6 70. g6 Rf2+ 71. Kg5 Ke7 72. Kh6 Kf6 73. Kh7 Rh2+ 74. Kg8 Kxg6 0-1


[Site "https://www.chess.com"]

[Event "Titled Tuesday Blitz March 28 Early 2023"]
[White "Raahul V S"]
[Black "Harsha Bharathakoti"]
[WhiteFideId "25035525"]
[BlackFideId "5078776"]
[WhiteElo "2168"]
[BlackElo "2481"]
[Result "0-1"]
[Round "04"]
[TimeControl "180+2"]
[Date "2023.03.28"]
[WhiteClock "0:00:01"]
[BlackClock "0:00:04"]

1. c4 g6 2. Nc3 Bg7 3. g3 c5 4. Bg2 Nc6 5. e4 d6 6. Nge2 Nf6 7. O-O O-O 8. d3 Ne8 9. Be3 Nd4 10. Qd2 Nc7 11. Bh6 Rb8 12. Nxd4 cxd4 13. Ne2 e5 14. Bxg7 Kxg7 15. f4 f6 16. f5 g5 17. h4 h6 18. Kf2 Bd7 19. Bf3 Be8 20. Rh1 Bf7 21. Rh3 Rh8 22. Rah1 Qe7 23. Ng1 b5 24. b3 bxc4 25. bxc4 Na6 26. Be2 Nc5 27. Kg2 Qb7 28. hxg5 hxg5 29. Rxh8 Rxh8 30. Rxh8 Kxh8 31. Nf3 Qe7 32. Qb4 Kg7 33. Nd2 Qc7 34. Nb3 Nd7 35. Qa5 Qb8 36. Qa6 Kf8 37. Qc6 Be8 38. Qd5 Bf7 39. Qc6 Ke7 40. Qa6 Be8 41. Bf3 Qc7 42. Be2 Nb8 0-1


[Site "https://www.chess.com"]